 Dungeon Crawl Stone Soup version 0.31-a0-204-g7da18cac08 (webtiles) character file.

Game seed: 10881946188446952691

36 qw the Shooter (level 3, -2/20 HPs)
             Began as a Deep Elf Hunter on June 27, 2023.
             Frozen to death by an endoplasm (4 damage)
             ... on level 2 of the Dungeon.
             The game lasted 00:00:20 (1069 turns).

qw the Shooter (Deep Elf Hunter)                    Turns: 1069, Time: 00:00:20

Health: -2/20      AC:  7    Str: 10    XL:     3   Next: 19%
Magic:  5/5        EV:  9    Int: 13    God:
Gold:   66         SH:  0    Dex: 18    Spells: 2/2 levels left

rFire   . . .        Y - +0 shortbow
rCold   . . .        (shield currently unavailable)
rNeg    . . .        e - +0 scale mail
rPois   .            (no helmet)
rElec   .            h - +0 cloak
rCorr   .            (no gloves)
SInv    .            (no boots)
Will    .....        (no amulet)
Stlth   +            (no ring)
HPRegen 0.23/turn    (no ring)
MPRegen 0.09/turn

%: no passive effects
@: no status effects
A: no striking features
a: no special abilities


You were on level 2 of the Dungeon.
You visited 1 branch of the dungeon, and saw 2 of its levels.

You collected 66 gold pieces.


   Skills:
 - Level 1.5 Fighting
 + Level 6.8 Ranged Weapons
 - Level 2.4 Dodging
 - Level 1.2 Stealth


You had 2 spell levels left.
You didn't know any spells.
Your spell library was empty.

Inventory:

Hand Weapons
 Y - a +0 shortbow (weapon)
Armour
 e - a +0 scale mail (worn)
 h - a +0 cloak (worn)
Potions
 g - a potion of curing
 i - a potion of enlightenment {unknown}

Dungeon Overview and Level Annotations

Branches:
Dungeon (2/15)

Altars:

Shops:
D:1 *


Message History

You shoot an arrow. The arrow misses the adder.
You shoot an arrow. The arrow hits the adder.
The adder is moderately wounded.
An endoplasm comes into view.
You shoot an arrow. The arrow closely misses the adder.
The endoplasm quivers.
The adder bites you.
You are poisoned.
The adder poisons you!
You shoot an arrow. The arrow hits the adder.
The adder is heavily wounded.
You feel sick. The adder closely misses you.
The adder bites you but does no damage.
You shoot an arrow. The arrow completely misses the adder.
You feel sick. The adder bites you but does no damage.
You shoot an arrow. The arrow barely misses the adder.
You feel sick.
The adder bites you but does no damage. x2
You shoot an arrow. The arrow closely misses the adder.
You feel sick. The adder bites you. The endoplasm hits you.
The adder bites you but does no damage.
You shoot an arrow. The arrow closely misses the adder.
You feel sick.
You are no longer poisoned.
The adder bites you. The endoplasm freezes you.
You are frozen.
You shoot an arrow. The arrow barely misses the adder.
The adder bites you but does no damage. The endoplasm hits you.
The adder barely misses you. The endoplasm barely misses you.
You shoot an arrow. The arrow misses the adder.
The adder bites you but does no damage. x2
The endoplasm jiggles.
The endoplasm freezes you.
You are frozen.
You shoot an arrow. The arrow hits the adder.
The adder is almost dead.
The adder bites you but does no damage. The endoplasm freezes you.
You are frozen.
You die...

.# .. .#
..# ##.#
.... ...#
?...####..#
.......#..#
.......#..#
......J#<.#
......S@..#
.......#.##
...[...#.#
..........
...#.......
#.
..##...#. .
... ......#
...# ###.#
#


You could see an adder and an endoplasm.

Vanquished Creatures
  3 dart slugs
  2 endoplasms (D:1)
  2 giant cockroaches (D:1)
  4 hobgoblins (D:1)
  4 jackals (D:1)
  2 kobolds (D:1)
  2 ball pythons (D:1)
  A bat (D:1)
  5 goblins (D:1)
  2 rats (D:1)
27 creatures vanquished.

Notes
Turn   | Place    | Note
-------+----------+-------------------------------------------
     0 | D:1      | qw the Deep Elf Hunter began the quest for the Orb.
     0 | D:1      | Reached XP level 1. HP: 12/12 MP: 3/3
     0 | D:1      | 0 ||| qw: Version: 0.3-a-22-g0ed2b0b
     0 | D:1      | 0 ||| qw: Game counter: 6484
     0 | D:1      | 0 ||| qw: Melee chars always use a shield: true
     0 | D:1      | 0 ||| qw: God list: Okawaru
     0 | D:1      | 0 ||| qw: Allow faded altars: false
     0 | D:1      | 0 ||| qw: Do Orc after clearing Dungeon:15 true
     0 | D:1      | 0 ||| qw: Do second Lair branch before Depths: true
     0 | D:1      | 0 ||| qw: Lair rune preference: random
     0 | D:1      | 0 ||| qw: Goals: Normal
     0 | D:1      | 0 ||| PLANNING D:1-11
   391 | D:1      | Reached skill level 6 in Ranged Weapons
   391 | D:1      | Reached XP level 2. HP: 16/16 MP: 4/4
   511 | D:1      | Found Emmi's General Store.
   520 | D:1      | 520 ||| SHOPLISTING +0 helmet (63 gold, have 59).
   520 | D:1      | 520 ||| SHOPLISTING +1 pair of boots (161 gold, have 59).
   665 | D:1      | Reached XP level 3. HP: 20/20 MP: 5/5
   984 | D:1      | 984 ||| UPGRADING to +0 scale mail.
   994 | D:1      | 994 ||| DROPPING +0 leather armour.
   995 | D:1      | 995 ||| UPGRADING to +0 cloak.
  1000 | D:1      | 1000 ||| READING scroll labelled BONOSK GAMAIXT.
  1001 | D:1      | 1001 ||| READING scroll labelled HIASUE VIMPAAH.
  1004 | D:1      | 1004 ||| READING scroll labelled ATAVVAUWNO.
  1005 | D:1      | 1005 ||| DRINKING 2 murky puce potions.
  1006 | D:1      | 1006 ||| DROPPING scroll of butterflies.
  1066 | D:2      | HP: 5/20 [frozen (3)]
  1068 | D:2      | HP: 1/20 [frozen (3)]
  1069 | D:2      | Frozen to death by an endoplasm

Levels and vault maps discovered:
D:1:      dpeg_arrival_boxes_within_box, layout_basic, serial_shops, shop,
          st_stairs_1
D:2:      layout_loops_ring, uniq_terence

Skill      XL: |  1 |
---------------+----+-----
Ranged Weapons | 6 |  6.8
Fighting       | |  1.5
Dodging        | |  2.4
Stealth        | |  1.2

Action                     || total
---------------------------++-------
   Fire: Shortbow          ||    77
    Use: Scroll            ||     3
         Potion            ||     1
 Armour: Leather armour    ||     3
         Scale mail        ||    10
  Dodge: Dodged            ||    11

Table legend:
 A = Non-vault XP
 B = Vault XP
 C = Vault XP percentage of total XP
 D = Non-vault monster count
 E = Vault monster count
 F = Vault count percentage of total count
                 A         B        C        D         E       F
            +---------+---------+-------+---------+---------+-------
      Total |      48 |       4 |   7.7 |      24 |       3 |  11.1
            +---------+---------+-------+---------+---------+-------
        D:1 |      44 |       4 |   8.3 |      23 |       3 |  11.5
        D:2 |       4 |       0 |   0.0 |       1 |       0 |   0.0
            +---------+---------+-------+---------+---------+-------
